 Dungeon Crawl Stone Soup version 0.30-a0-1043-g60ff8d5f49 (webtiles) character file.

Game seed: 18383710537372843695

41 DeathPants the Stinger (level 3, -13/28 HPs)
             Began as a Naga Venom Mage on Apr 9, 2023.
             Mangled by an ogre
             ... wielding a +0 giant club
              (21 damage)
             ... on level 2 of the Dungeon.
             The game lasted 00:05:23 (1422 turns).

DeathPants the Stinger (Naga Venom Mage)            Turns: 1422, Time: 00:05:24

Health: -13/28     AC:  7    Str: 12    XL:     3   Next: 52%
Magic:  4/6        EV:  8    Int: 15    God:
Gold:   57         SH:  0    Dex: 17    Spells: 5/6 levels left

rFire   . . .      SeeInvis +    a - +0 flail
rCold   . . .      Faith    .    (no shield)
rNeg    . . .      Spirit   .    k - +0 robe
rPois   +          Reflect  .    (no helmet)
rElec   .          Rampage  .    (no cloak)
rCorr   .                        g - +0 pair of gloves
Will    .....                    d - +0 barding
Stlth   ++                       (no amulet)
HPRegen 0.24/turn                j - +6 ring of dexterity
MPRegen 0.10/turn                (no ring)

@: brilliant, flying, very slow
A: AC +1, large, see invisible, deformed body, poison resistance, slowness 2,
spit poison 1, naga tail 1
a: Spit Poison


You were on level 2 of the Dungeon.
You visited 1 branch of the dungeon, and saw 3 of its levels.

You collected 57 gold pieces.

Inventory:

Hand Weapons
 a - a +0 flail (weapon)
 b - a +0 dagger of speed
Armour
 d - a +0 barding (worn)
 g - a +0 pair of gloves (worn)
 k - a +0 robe (worn)
Jewellery
 j - a +6 ring of dexterity (left hand)
 l - a ring of fire
Scrolls
 h - a scroll of poison {unknown}
 m - 2 scrolls of teleportation {unknown}
Potions
 e - a potion of magic


   Skills:
 - Level 1.5 Dodging
 - Level 3.0 Stealth
 - Level 2.0 Spellcasting
 - Level 1.0 Transmutations
 + Level 5.9 Poison Magic


You had 5 spell levels left.
You knew the following spells:

 Your Spells              Type           Power      Damage    Failure   Level
a - Sting                 Tmut/Pois      68%        1d6       5%          1

Your spell library contained the following spells:

 Spells                   Type           Power      Damage    Failure   Level
 Poisonous Vapours        Pois/Air       30%        N/A       10%         2
 Olgreb's Toxic Radiance  Pois           29%        N/A       19%         4
 Mephitic Cloud           Conj/Pois/Air  11%        N/A       30%         3


Dungeon Overview and Level Annotations

Branches:
Dungeon (3/15)

Altars:


Innate Abilities, Weirdness & Mutations

Your serpentine skin is tough. (AC +1)
You have supernaturally acute eyesight. (SInv)
Armour fits poorly on your strangely shaped body.
Your system is resistant to poisons. (rPois)
You cover ground very slowly.
You can spit poison.
You have a snake-like lower body.


Message History

You climb upwards.
There is a stone staircase leading down here.
i - 2 green potions (gained 1)
n - a murky orange potion
Okay, then.
The ogre shouts!
Okay, then.
It was a potion of curing.
You feel better.
It was a potion of flight.
You feel very buoyant.
You fly up into the air.
The ogre barely misses you.
It was a potion of brilliance.
You feel clever all of a sudden.
The ogre hits you with a +0 giant club!!
Ouch! That really hurt!
* * * LOW HITPOINT WARNING * * *
It was a potion of heal wounds.
You feel much better.
Aiming: Sting (safe; 5% risk of failure)
Press: ? - help, Q - select action, (/) - cycle Shift-Dir - straight line, f - ogre
Aim: an ogre, wielding a +0 giant club (88% to hit)
You feel a surge of power!
The sting hits the ogre.
The ogre is poisoned.
The ogre is lightly wounded.
The ogre hits you with a +0 giant club!
Ouch! That really hurt!
Aiming: Sting (safe; 5% risk of failure)
Press: ? - help, Q - select action, (/) - cycle Shift-Dir - straight line, f/p - ogre
Aim: an ogre, wielding a +0 giant club (moderately wounded, poisoned, 88% to hit)
You feel a surge of power!
The sting hits the ogre.
The ogre looks even sicker.
The ogre is moderately wounded.
The ogre barely misses you.
You hit the ogre.
The ogre is heavily wounded.
The ogre hits you with a +0 giant club!
* * * LOW HITPOINT WARNING * * *
You feel better.
You hit the ogre.
The ogre is almost dead.
The ogre hits you with a +0 giant club!!
Ouch! That really hurt!
You die...

##################
#................##
#..................
#................##
####........#....##
#........#....##
#........#....##
##########........#....##
#....<..@.........#######
#.......O....####.#######
#.....!......# #........
#............# #########
#............# #
#............# #
#............# #
#............# # #


You could see an ogre (poisoned).

Vanquished Creatures
  A gnoll (D:1)
  2 ball pythons
  3 endoplasms (D:1)
  A giant cockroach (D:2)
  4 goblins
  3 hobgoblins
  4 jackals (D:1)
  4 bats (D:1)
  2 frilled lizards
  3 kobolds
  2 rats (D:1)
29 creatures vanquished.

Notes
Turn   | Place    | Note
-------+----------+-------------------------------------------
     0 | D:1      | DeathPants the Naga Venom Mage began the quest for the Orb.
     0 | D:1      | Reached XP level 1. HP: 15/15 MP: 3/3
   239 | D:1      | Reached XP level 2. HP: 22/22 MP: 0/5
   695 | D:1      | Reached skill level 5 in Poison Magic
   757 | D:1      | Reached XP level 3. HP: 28/28 MP: 6/6
   900 | D:2      | Noticed an ogre
  1416 | D:2      | HP: 1/28 [ogre/+0 giant club (27)]
  1422 | D:2      | Mangled by an ogre

Illustrated notes

Levels and vault maps discovered:
D:1:      psy_arrival_conway, layout_basic, chequers_arboretum
D:2:      layout_basic, dreamdust_ecumenical_altar_angels_and_demons
D:3:      layout_rooms, lemuel_round_altar, gammafunk_ghost_nasty_kobolds

Skill      XL: |  1  2 |
---------------+-------+-----
Poison Magic   | 5 |  5.9
Dodging        | |  1.5
Stealth        | |  3.0
Spellcasting   | |  2.0
Transmutations | |  1.0

Action                     || total
---------------------------++-------
  Melee: Unarmed           ||     8
         Short sword       ||     7
         Dagger            ||    11
         Flail             ||    38
         Punch             ||     1
   Cast: Sting             ||    29
Ability: Spit Poison       ||     2
    Use: Potion            ||     5
   Stab: Sleeping          ||     1
 Armour: Robe              ||    51
  Dodge: Dodged            ||    47

Table legend: (Time is in decaauts)
 A = Elapsed time spent in this place.
 B = Non-inter-level travel time spent in this place.
 C = Inter-level travel time spent in this place.
 D = Time resting spent in this place.
 E = Time spent auto-exploring this place.
 F = Levels seen in this place.
 G = Mean time per level.
                   A        B        C        D        E       F      G
               +--------+--------+--------+--------+--------+-----+--------+
         Total |   1825 |   1713 |    112 |     89 |   1207 |   3 |  608.3 |
       Dungeon |   1825 |   1713 |    112 |     89 |   1207 |   3 |  608.3 |
               +--------+--------+--------+--------+--------+-----+--------+

Top non-repeatable levels by time:
     D:1: 1575 daAuts
     D:2: 225 daAuts
     D:3: 24 daAuts
